 Dungeon Crawl Stone Soup version 0.18.1-48-g4cf74bf (webtiles) character file.

0 glosham the Skirmisher (level 1, -5/19 HPs)
             Began as an Ogre Abyssal Knight on July 27, 2016.
             Was a Follower of Lugonu.
             Killed from afar by a blizzard demon (21 damage)
             ... with a bolt of lightning
             ... on level 2 of the Abyss.
             The game lasted 00:03:19 (203 turns).

glosham the Skirmisher (Ogre Abyssal Knight)         Turns: 203, Time: 00:03:20

Health: -5/19      AC:  3    Str: 22    XL:     1   Next: 0%
Magic:  2/2        EV: 10    Int: 11    God:    Lugonu [*.....]
Gold:   121        SH:  0    Dex:  9    Spells: 0 memorised, 0 levels left

rFire  . . .     SeeInvis .     g - +1 longbow "Ufyunuakh" {freeze, Str+6} (curse)
rCold  . . .     Gourm    .     b - +0 robe
rNeg   . . .     Faith    .     (shield currently unavailable)
rPois  .         Spirit   .     (helmet restricted)
rElec  .         Dismiss  .     (no cloak)
rCorr  .         Reflect  .     (gloves unavailable)
SustAt .         Harm     .     (boots unavailable)
MR     .....                    (no amulet)
Stlth  +.........               (no ring)
                                (no ring)

@: not resistant to hostile enchantments, very unstealthy
A: unfitting armour, deterioration 2, frail 2, tough skin 1
a: Depart the Abyss, Renounce Religion


You were on level 2 of the Abyss.
You worshipped Lugonu.
Lugonu was aware of your devotion.
You were not hungry.

You visited 0 branches of the dungeon, and saw 0 of its levels.
You visited the Abyss 1 time.

You collected 121 gold pieces.

Inventory:

Hand Weapons
 a - a +1 mace
 e - a +3 great sword
 g - the cursed +1 longbow "Ufyunuakh" (weapon) {freeze, Str+6}
   (You found it on level 2 of the Abyss)

   It causes projectiles fired from it to freeze those they strike, causing
   extra injury to most foes and up to half again as much damage against
   particularly susceptible opponents.
   They can also slow down cold-blooded creatures.
   It affects your strength (+6).
   It has a curse placed upon it.
Armour
 b - a +0 robe (worn)
Potions
 d - a potion of heal wounds {unknown}
Comestibles
 c - a bread ration
 f - a beef jerky


   Skills:
 * Level 4.0 Fighting
 - Level 2.6 Maces & Flails
 - Level 2.1 Dodging
 - Level 2.0 Invocations


You couldn't memorise any spells.
You didn't know any spells.

Dungeon Overview and Level Annotations

Branches:
Dungeon (0/15)

Altars:


Innate Abilities, Weirdness & Mutations

You are too large for most types of armour.
You have tough skin (AC +1).
[Your body often deteriorates upon taking damage.]
[You are very frail (-20% HP).]


Message History

You feel frail. x2
The lurking horror explodes!
Your body is wracked with pain!
The wretched star pulses with an eldritch light!
You feel yourself wasting away.
You feel your body start to fall apart.
There is a gateway leading deeper into the Abyss here.
You plunge deeper into the Abyss.
Found a runed great sword.
Found 13 sling bullets and 31 gold pieces.
You see here a runed great sword.
e - a runed great sword Wield which item (- for none, * to show all)? (? for menu, Esc to quit)
e - a +3 great sword (weapon)
Found 78 gold pieces.
You see here 31 gold pieces.
You now have 43 gold pieces (gained 31).
You see here 62 gold pieces.
You now have 105 gold pieces (gained 62).
Found an iridescent longbow.
You see here 16 gold pieces.
You now have 121 gold pieces (gained 16).
You see here an iridescent longbow.
g - an iridescent longbow Wield which item (- for none, * to show all)? (? for menu, Esc to quit)
You feel stronger.
The cursed +1 longbow "Ufyunuakh" {freeze, Str+6} is covered in frost.
It sticks to your hand!
g - the cursed +1 longbow "Ufyunuakh" (weapon)
{freeze, Str+6}
Found a scroll labeled QOUMNO WISUALU.
You see here a scroll labeled QOUMNO WISUALU.
h - a scroll labeled QOUMNO WISUALU Read which item? (? for menu, Esc to quit)
As you read the scroll labeled QOUMNO WISUALU, it crumbles to dust.
The scroll dissolves into smoke.
It was a scroll of fog.
The blizzard demon shouts!
A large abomination comes into view.
The blizzard demon gestures at you. The bolt of lightning hits you!
Ouch! That really hurt!
You die...

# ###.. .. ### #
##..# ..... ## #..
## .#.. .# #...#. .#
... ..## ##... #. ..
... #.#. . ##.#. ..#
##..#. #...#
#.#####.##2.#
###@###.###.##...#.#
#.....X##...2#.....#
#.#.....##..#....##.
##.#..##2.#.#. ### .
#..#.#...#.#. .# #.
######..# ... .# #..
#...##ยง.#... #
#...# .##.#..
#.#.......###


You could see a blizzard demon and a large abomination.

Vanquished Creatures (others)
  A lurking horror (Abyss:1)
  4 starspawn tentacles (Abyss:1)
5 creatures vanquished.

Notes
Turn   | Place    | Note
--------------------------------------------------------------
     0 | Abyss:1  | glosham the Ogre Abyssal Knight began the quest for the Orb.
     0 | Abyss:1  | Reached XP level 1. HP: 24/24 MP: 2/2
    23 | Abyss:1  | Noticed an ettin zombie
    34 | Abyss:1  | Noticed a thrashing horror
    35 | Abyss:1  | Noticed a kobold demonologist
    38 | Abyss:1  | Noticed an Executioner
    38 | Abyss:1  | Noticed a large abomination
    44 | Abyss:1  | Found a corrupted altar of Lugonu.
    91 | Abyss:1  | Noticed a small abomination
    98 | Abyss:1  | Noticed a tentacled starspawn
   111 | Abyss:1  | Noticed a smoke demon
   111 | Abyss:1  | Noticed a wretched star
   155 | Abyss:2  | Got an iridescent longbow
   156 | Abyss:2  | Identified the cursed +1 longbow "Ufyunuakh" {freeze, Str+6} (You found it on level 2 of the Abyss)
   185 | Abyss:2  | Noticed a blizzard demon
   190 | Abyss:2  | Noticed a large abomination
   203 | Abyss:2  | Killed from afar by a blizzard demon

Action                   || total
-------------------------++-------
  Use: Scroll            ||     1

Table legend:
 A = Turns spent in this place as a percentage of turns spent in the entire game.
 B = Non-inter-level travel turns spent in this place as a percentage of non-inter-level travel turns spent in the entire game.
 C = Inter-level travel turns spent in this place as a percentage of turns spent in this place.
 D = Turns resting spent in this place as a percentage of non-inter-level travel turns spent in this place.
 E = Turns spent auto-exploring this place as a percentage of non-inter-level travel turns spent in this place.
 F = Non-inter-level travel turns spent in this place divided by the number of levels of this place that you've seen.
                   A       B       C       D       E      F
               +-------+-------+-------+-------+-------+----------------------
         Total | 100.0 | 100.0 |   0.0 |   0.0 |   0.0 | 103.5
         Abyss | 100.0 | 100.0 |   0.0 |   0.0 |   0.0 | 103.5
               +-------+-------+-------+-------+-------+----------------------

Vault maps used:
Abyss:2:  hangedman_decor_riveting
